 Dungeon Crawl Stone Soup version 0.32-a0-859-gb0a091d592 (webtiles) character file.

Game seed: 4775553857276958225

17 backslashecho the Ducker (level 2, 0/23 HPs)
             Began as a Merfolk Warper on Mar 27, 2024.
             Constricted to death by a ball python (1 damage)
             ... on level 1 of the Dungeon.
             The game lasted 00:01:55 (561 turns).

backslashecho the Ducker (Merfolk Warper)            Turns: 561, Time: 00:01:56

Health: 0/23       AC:  3    Str: 11    XL:     2   Next: 62%
Magic:  5/5        EV:  1    Int: 12    God:
Gold:   8          SH:  0    Dex: 13    Spells: 5/5 levels left

rFire   . . .        a - +0 falchion
rCold   . . .        (no shield)
rNeg    . . .        b - +0 leather armour
rPois   .            (no helmet)
rElec   .            (no cloak)
rCorr   .            (no gloves)
SInv    .            (no boots)
Will    .....        (no amulet)
Stlth   +            (no ring)
HPRegen 0.23/turn    (no ring)
MPRegen 0.09/turn

%: no passive effects
@: constricted
A: (nimble swimmer 2), mertail
a: no special abilities


You were on level 1 of the Dungeon.
You visited 1 branch of the dungeon, and saw 1 of its levels.

You collected 8 gold pieces.

Inventory:

Hand Weapons
 a - a +0 falchion (weapon)
Missiles
 d - 7 darts of dispersal (quivered)
Armour
 b - a +0 leather armour (worn)
Scrolls
 c - a scroll of blinking
 e - a scroll of teleportation {unknown}
 f - a scroll of identify {unknown}
 g - a scroll of amnesia {unknown}


   Skills:
 + Level 2.4 Fighting
 * Level 3.0 Long Blades
 - Level 1.0 Throwing
 - Level 1.0 Armour
 + Level 3.1 Dodging
 - Level 2.0 Spellcasting
 - Level 2.4 Translocations


You had 5 spell levels left.
You didn't know any spells.
Your spell library contained the following spells:

 Spells                   Type           Power      Damage    Failure   Level
 Blink                    Tloc           12%        N/A       21%         2
 Lesser Beckoning         Tloc           12%        N/A       21%         2
 Teleport Other           Tloc           6%         N/A       38%         3
 Vhi's Electric Charge    Tloc/Air       8%         N/A       91%         4
 Maxwell's Portable Pile  Tloc           Unusable   2d(6-11)  N/A         4

Dungeon Overview and Level Annotations

Branches:
Dungeon (1/15)

Altars:


Innate Abilities, Weirdness & Mutations

((You are very nimble when in or above water. (Stealth+, EV+, Speed+++)))
Your lower body shifts to a powerful aquatic tail in water.


Message History

You closely miss the quokka. The quokka bites you.
You take 3 damage, and have 14/23 hp.
You closely miss the quokka. The quokka misses you.
You hit the quokka but do no damage.
The quokka bites you but does no damage.
The quokka bites you.
You take 3 damage, and have 12/23 hp.
You barely miss the quokka.
The quokka bites you but does no damage.
You closely miss the quokka. The quokka bites you. x2
You take 5 damage, and have 7/23 hp.
MASSIVE DAMAGE!!
You are too injured to fight recklessly!
You are too injured to fight recklessly!
You slash the quokka!
You kill the quokka!
You see here a quokka corpse.
You see here a quokka corpse.
A hobgoblin comes into view.
The hobgoblin shouts!
Health restored: 23 You slash the hobgoblin!
You kill the hobgoblin!
No target in view!
A rat comes into view.
You see here a hobgoblin corpse.
A rat is nearby!
The rat closely misses you.
You hit the rat.
You kill the rat!
Your Long Blades skill increases to level 3!
No target in view!
A bat and a ball python come into view.
Found 12 gold pieces and 4 stones.
The bat barely misses you. The bat hits you but does no damage.
The bat hits you but does no damage.
You hit the bat but do no damage. The bat barely misses you.
The bat misses you.
You closely miss the bat. The bat hits you but does no damage.
You closely miss the bat. The bat barely misses you.
You barely miss the bat. The bat hits you but does no damage.
The bat barely misses you.
You hit the bat.
The bat is severely wounded.
The bat hits you but does no damage. x2
You hit the bat but do no damage.
The bat is severely wounded.
The bat hits you but does no damage. The bat barely misses you.
You hit the bat.
You kill the bat!
You slash the ball python!
You kill the ball python!
No target in view!
You see here a bat corpse.
An endoplasm comes into view.
An endoplasm is nearby!
Found 5 stones.
Found a stone staircase leading down.
A ball python comes into view.
The endoplasm quivers.
You barely miss the endoplasm.
The ball python hisses angrily.
The endoplasm hits you.
The endoplasm hits you but does no damage.
You take 2 damage, and have 21/23 hp.
You hit the endoplasm.
The endoplasm is severely wounded.
The endoplasm freezes you.
You are frozen.
You take 5 damage, and have 16/23 hp.
MASSIVE DAMAGE!!
You hit the endoplasm.
You kill the endoplasm!
The ball python barely misses you. x2
You hit the ball python.
The ball python is moderately wounded.
The ball python bites you. The ball python grabs you.
The ball python constricts you. The ball python bites you.
The ball python constricts you.
You take 6 damage, and have 11/23 hp.
MASSIVE DAMAGE!!
You barely miss the ball python.
The ball python is moderately wounded.
The ball python bites you but does no damage.
The ball python constricts you.
You closely miss the ball python.
The ball python is moderately wounded.
The ball python bites you. The ball python constricts you.
You take 2 damage, and have 9/23 hp.
You closely miss the ball python.
The ball python is moderately wounded.
The ball python bites you. The ball python constricts you.
The ball python bites you.
* * * LOW HITPOINT WARNING * * *
The ball python constricts you.
* * * LOW HITPOINT WARNING * * *
You take 5 damage, and have 4/23 hp.
MASSIVE DAMAGE!!
You hit the ball python.
The ball python is severely wounded.
The ball python bites you.
* * * LOW HITPOINT WARNING * * *
The ball python constricts you.
You die...

#..........#
#.(........#
#..........############
##...........†.....†...
#..........############
#..........#
#..........# #####
#..........# ###....
#.....@....# #...###
##....S...## #.###
##..(....# #.#
##...##.# #.### ###..
.# #...### #.. .#
###...# #.# #.... #.#
###.# #..


You could see a ball python.

Vanquished Creatures
  A bat (D:1)
  An endoplasm (D:1)
  A goblin (D:1)
  A hobgoblin (D:1)
  4 jackals (D:1)
  3 quokkas (D:1)
  A ball python (D:1)
  A kobold (D:1)
  A rat (D:1)
14 creatures vanquished.

Notes
Turn   | Place    | Note
-------+----------+-------------------------------------------
     0 | D:1      | backslashecho the Merfolk Warper began the quest for the
                  | Orb.
     0 | D:1      | Reached XP level 1. HP: 16/16 MP: 3/3
   108 | D:1      | Reached XP level 2. HP: 6/23 MP: 5/5
   113 | D:1      | Reached skill level 1 in Armour
   561 | D:1      | HP: 1/23 [ball python (3)]
   561 | D:1      | Constricted to death by a ball python

Illustrated notes

Levels and vault maps discovered:
D:1:      shiori_arrival_oz, layout_rooms, serial_shops, shop

Skill      XL: |  1  2 |
---------------+-------+-----
Armour         | 1 |  1.0
Dodging        | 3 |  3.1
Long Blades    | 3 |  3.0
Fighting       | |  2.4
Throwing       | |  1.0
Spellcasting   | |  2.0
Translocations | |  2.4

Action                     || total
---------------------------++-------
  Melee: Falchion          ||    63
 Armour: Leather armour    ||    60
  Dodge: Dodged            ||    34

Table legend: (Time is in decaauts)
 A = Elapsed time spent in this place.
 B = Non-inter-level travel time spent in this place.
 C = Inter-level travel time spent in this place.
 D = Time resting spent in this place.
 E = Time spent auto-exploring this place.
 F = Levels seen in this place.
 G = Mean time per level.
                   A        B        C        D        E       F      G
               +--------+--------+--------+--------+--------+-----+--------+
         Total |    570 |    570 |      0 |      0 |    434 |   1 |  570.0 |
       Dungeon |    570 |    570 |      0 |      0 |    434 |   1 |  570.0 |
               +--------+--------+--------+--------+--------+-----+--------+

Top non-repeatable levels by time:
     D:1: 570 daAuts
